 Seeded DCSS version 0.29.1-4-g47bece8355 (webtiles) character file.

Game seed: 10601587644653659560 (custom seed)

3152 kingsuperguy the Cleaver (level 9, -4/79 HPs)
             Began as a Hill Orc Monk on Dec 9, 2022.
             Was an Elder of Beogh.
             Slain by Erica
             ... wielding a +3 scimitar of flaming
              (6 damage)
             ... on level 8 of the Dungeon.
             The game lasted 00:11:22 (8788 turns).

kingsuperguy the Cleaver (Hill Orc Monk)            Turns: 8788, Time: 00:11:23

Health: -4/79      AC:  8    Str: 18    XL:     9   Next: 93%
Magic:  9/9        EV: 12    Int: 10    God:    Beogh [****..]
Gold:   372        SH:  5    Dex: 13    Spells: 8/8 levels left

rFire   . . .      SeeInvis .   p - +8 frozen axe "Frostbite" {freezing cloud, *Noise Fly rC+}
rCold   + . .      Faith    .   (shield currently unavailable)
rNeg    . . .      Spirit   .   C - +0 acid dragon scales
rPois   .          Reflect  +   (no helmet)
rElec   .          Harm     .   e - scarf {repulsion}
rCorr   +          Rampage  .   (no gloves)
Will    .....                   H - +0 pair of boots
Stlth   +.........              E - amulet of reflection
HPRegen 0.23/turn               (no ring)
MPRegen 0.11/turn               (no ring)

@: brilliant, silenced, attractive, flying, repel missiles
A: no striking features
a: Renounce Religion


You were on level 8 of the Dungeon.
You worshipped Beogh.
Beogh was greatly pleased with you.
You visited 1 branch of the dungeon, and saw 8 of its levels.

You collected 372 gold pieces.

Inventory:

Hand Weapons
 a - a +0 hand axe
 p - the +8 frozen axe "Frostbite" (weapon) {freezing cloud, *Noise Fly rC+}
   (You found it on level 2 of the Dungeon)

   It freezes those it strikes, dealing additional cold damage.
   It can also slow down cold-blooded creatures.
   It occasionally leaves clouds of freezing vapour upon striking a foe.
   It grants immunity to clouds of freezing vapour.
   rC:        It protects you from cold.
   Fly:       It grants you flight.
   *Noise:    It may make noises in combat.
 F - the +8 whip of Vibruoff {vamp, rPois rN+ SInv}
   (You found it on level 7 of the Dungeon)

   It occasionally heals its wielder for a portion of the damage dealt when it
   wounds a living foe.
   rPois:     It protects you from poison.
   rN:        It protects you from negative energy.
   SInv:      It lets you see invisible.
Missiles
 m - 4 atropa-tipped darts (quivered)
 n - 2 javelins
Armour
 b - a +0 robe
 e - a scarf of repulsion (worn)
 f - a +0 ring mail
 h - a +0 scale mail
 q - a +2 cloak
 x - a +0 chain mail
 C - +0 acid dragon scales (worn)
 H - a +0 pair of boots (worn)
Jewellery
 E - an amulet of reflection (around neck)
 G - a ring of willpower
Wands
 v - a wand of iceblast (17)
 y - a wand of polymorph (12)
 B - a wand of mindburst (8)
 D - a wand of paralysis (7)
Scrolls
 i - 6 scrolls of teleportation {unknown}
 j - 5 scrolls of fog {unknown}
 l - 2 scrolls of noise {unknown}
 o - 4 scrolls of poison {unknown}
 t - 8 scrolls of identify {unknown}
 z - a scroll of enchant weapon {unknown}
 A - a scroll of amnesia {unknown}
Potions
 c - a potion of mutation {unknown}
 d - a potion of brilliance
 k - a potion of cancellation {unknown}
 s - a potion of might {unknown}
 w - 2 potions of haste {unknown}


   Skills:
 + Level 7.4 Fighting
 + Level 13.5 Axes
 + Level 5.4 Armour
 + Level 3.9 Dodging
 + Level 3.0 Stealth
 + Level 1.5 Shields


You had 8 spell levels left.
You didn't know any spells.
Your spell library contained the following spells:

 Spells                   Type           Power      Damage    Failure   Level
 Gell's Gravitas          Tloc           0%         N/A       82%         3
 Lesser Beckoning         Tloc           0%         N/A       82%         3
 Teleport Other           Tloc           0%         N/A       82%         3
 Tukima's Dance           Hex            0%         N/A       82%         3
 Passage of Golubria      Tloc           0%         N/A       99%         4
 Yara's Violent Unravell  Hex/Tmut       0%         3d3       100%        5


Dungeon Overview and Level Annotations

Branches:
Dungeon (8/15)             Temple (0/1) D:4
   Lair: D:8-11

Altars:
Dithmenos
Hepliaklqana
Nemelex Xobeh
Uskayaw

Annotations:
D:8 exclusion: orange crystal statue, Erica


Message History

You feel very sick. Something hits you.
* * * LOW HITPOINT WARNING * * *
Something burns you.
* * * LOW HITPOINT WARNING * * *
It was a potion of brilliance.
You feel clever all of a sudden.
You feel sick. You block something's attack.
It was a potion of curing.
You feel better. Something hits you!
* * * LOW HITPOINT WARNING * * *
Something burns you.
* * * LOW HITPOINT WARNING * * *
You hit something. You freeze something.
You hear the raging winds of a snowstorm.
Something hits you!
* * * LOW HITPOINT WARNING * * *
Something burns you.
* * * LOW HITPOINT WARNING * * *
You feel better. Something hits you.
* * * LOW HITPOINT WARNING * * *
Something burns you.
* * * LOW HITPOINT WARNING * * *
You feel better. Something hits you but does no damage.
It was a potion of attraction.
You feel attractive to monsters. Something hits you.
* * * LOW HITPOINT WARNING * * *
Something burns you.
* * * LOW HITPOINT WARNING * * *
You feel better. Something hits you.
* * * LOW HITPOINT WARNING * * *
Something burns you.
* * * LOW HITPOINT WARNING * * *
You feel better. Something hits you!
* * * LOW HITPOINT WARNING * * *
Something burns you.
* * * LOW HITPOINT WARNING * * *
As you read the scroll labelled DULEHUA YZIHO, it crumbles to dust.
A profound silence engulfs you.
It was a scroll of silence.
Something hits you.
You die...

#.# .# #.# .. .. #.#
.###. #.# ..#..#####.#
.#.#.......##
............###########
#....>.....{@......#
#.##.#.#..########.#
#......#......# #.#
#..###.##.###.# #.#
#..# #.##.# #.# #.#
..###).###)##.###.# #.#
#..........##.##..# #.#
#.###).##.###.##.## #.#
#).##.# #.##.# #.#


There were no monsters in sight!

Vanquished Creatures
  Maggie (D:7)
  Sigmund (D:5)
  A steam dragon (D:6)
  3 water moccasins
  An acid dragon (D:5)
  An orc warrior (D:6)
  A black bear (D:7)
  A sky beast (D:8)
  An ice beast (D:6)
  An ogre (D:5)
  A centaur (D:8)
  A kobold brigand (D:7)
  2 bullfrogs
  3 necrophages (D:6)
  3 scorpions
  3 electric eels
  3 howler monkeys (D:8)
  2 jellies
  4 hounds
  A gnoll bouda (D:4)
  3 orc priests (D:5)
  Ijyb (D:3)
  Natasha (twice) (D:4)
  2 iguanas
  3 orc wizards
  13 gnolls
  13 adders
  2 white imps
  4 ufetubi
  4 worms
  25 orcs
  9 endoplasms
  4 giant cockroaches
  5 goblins
  9 hobgoblins
  4 quokkas
  6 ball pythons
  4 bats
  3 frilled lizards
  12 kobolds
  2 rats
165 creatures vanquished.

Vanquished Creatures (collateral kills)
  An orc wizard (D:8)
  2 orcs (D:7)
3 creatures vanquished.

Vanquished Creatures (others)
  A lava snake (D:8)
  An orc wizard (D:7)
  Natasha (D:4)
  6 orcs
  12 plants (D:7)
21 creatures vanquished.

Grand Total: 189 creatures vanquished

Notes
Turn   | Place    | Note
-------+----------+-------------------------------------------
     0 | D:1      | kingsuperguy the Hill Orc Monk began the quest for the Orb.
     0 | D:1      | Reached XP level 1. HP: 19/19 MP: 1/1
   397 | D:1      | Reached XP level 2. HP: 22/27 MP: 2/2
   545 | D:1      | Found a faded altar of an unknown god.
  1051 | D:2      | Reached XP level 3. HP: 17/33 MP: 3/3
  1714 | D:2      | Reached skill level 5 in Axes
  1714 | D:2      | Reached skill level 1 in Armour
  1910 | D:2      | Reached XP level 4. HP: 21/40 MP: 4/4
  2116 | D:2      | Found the +8 frozen axe "Frostbite" {freezing cloud, *Noise
                  | Fly rC+}
  2243 | D:3      | Noticed a water moccasin
  2249 | D:3      | Killed a water moccasin
  2250 | D:3      | Reached skill level 6 in Axes
  2250 | D:3      | Reached XP level 5. HP: 37/47 MP: 5/5
  2470 | D:3      | Noticed Ijyb
  2491 | D:3      | Killed Ijyb
  2492 | D:3      | Reached XP level 6. HP: 16/53 MP: 6/6
  2906 | D:3      | Found a hide-covered altar of Uskayaw.
  2909 | D:3      | Noticed a +0 dagger
  2909 | D:3      | Noticed a +0 hand axe
  3187 | D:4      | Found a staircase to the Ecumenical Temple.
  3302 | D:4      | Reached skill level 7 in Axes
  3837 | D:4      | Reached XP level 7. HP: 60/60 MP: 7/7
  3941 | D:4      | Became a worshipper of Beogh the Brigand
  3941 | D:4      | Reached * piety under Beogh
  3941 | D:4      | Reached ** piety under Beogh
  4031 | D:4      | Noticed Natasha
  4039 | D:4      | Killed Natasha
  4082 | D:4      | Killed Natasha
  4184 | D:4      | Noticed Natasha
  4190 | D:4      | Killed Natasha
  4191 | D:4      | Reached skill level 5 in Fighting
  4272 | D:5      | Entered Level 5 of the Dungeon
  4273 | D:5      | Noticed Sigmund
  4439 | D:5      | Reached skill level 8 in Axes
  4553 | D:5      | Found a sparkling altar of Nemelex Xobeh.
  4944 | D:5      | Reached skill level 9 in Axes
  4978 | D:5      | Reached XP level 8. HP: 53/70 MP: 8/8
  5028 | D:5      | Killed Sigmund
  5379 | D:5      | Reached skill level 10 in Axes
  5963 | D:6      | HP: 2/70 [electric eel/bolt of electricity (12)]
  6334 | D:6      | Found a hazy altar of Hepliaklqana.
  6344 | D:6      | Reached *** piety under Beogh
  6753 | D:6      | Reached skill level 11 in Axes
  6753 | D:6      | Reached skill level 5 in Armour
  6758 | D:6      | Reached XP level 9. HP: 77/78 MP: 9/9
  7003 | D:6      | Reached skill level 12 in Axes
  7436 | D:7      | Noticed Maggie
  7448 | D:7      | Killed Maggie
  7613 | D:7      | Identified the +8 whip of Vibruoff {vamp, rPois rN+ SInv}
  8047 | D:7      | Reached skill level 13 in Axes
  8348 | D:7      | Found a shadowy altar of Dithmenos.
  8363 | D:7      | Reached skill level 1 in Shields
  8548 | D:8      | Noticed an orange crystal statue
  8623 | D:8      | Reached **** piety under Beogh
  8765 | D:8      | Noticed Erica
  8782 | D:8      | HP: 2/79 [something (3)]
  8787 | D:8      | HP: 2/79 [something (5)]
  8788 | D:8      | Slain by Erica

Illustrated notes

Levels and vault maps discovered:
D:1:      evilmike_arrival_home_sweet_home, layout_basic,
          hellmonk_ecumenical_altar_inner_sanctum
D:2:      layout_loops_ring, grunt_ministairs_12, minmay_tetromino_i4
D:3:      layout_basic, dancing_weapons_uskayaw, hangedman_decor_points,
          minmay_misc_feat_chi, serial_bayou_pond_e, kennysheep_boxes, uniq_ijyb
D:4:      layout_gridville, minmay_temple_entry_tees, uniq_natasha
D:5:      layout_loops_ring, nemelex_diamond_rough_becter, uniq_sigmund
D:6:      layout_basic, mainiacjoe_overflow_chevrons, nicolae_lava_and_water,
          corexii_leaking_fountain
D:7:      minmay_spotlight, layout_gridville, nicolae_ru_the_path_less_chosen,
          mainiacjoe_overflow_catwalk, kennysheep_okawaru_gauntlet,
          chequers_big_river, minmay_misc_feat_x, kennysheep_crisscross,
          uniq_maggie
D:8:      layout_loops_ring, gammafunk_temple_overflow_pools,
          minmay_misc_feat_rugged, disabler_island, uniq_erica

Skill      XL: |  1  2  3  4  5  6  7  8  9 |
---------------+----------------------------+-----
Fighting       | 4 5 6 7 |  7.4
Axes           | 5 6 7 9 11 13 | 13.5
Armour         | 1 2 3 4 5 |  5.4
Dodging        | 3 |  3.9
Stealth        | 2 3 |  3.0
Shields        | 1 |  1.5

Action                   |  1- 3 |  4- 6 |  7- 9 || total
-------------------------+-------+-------+-------++-------
Melee: Hand axe          |   113 |       |       ||   113
       Executioner's axe |       |    71 |   176 ||   247
Invok: Convert to Beogh  |       |       |     1 ||     1
  Use: Potion            |       |     1 |    11 ||    12
       Scroll            |       |       |     1 ||     1
 Stab: Sleeping          |       |       |     3 ||     3
Armor: Ring mail         |     8 |       |       ||     8
       Scale mail        |    40 |    11 |       ||    51
       Chain mail        |       |    30 |    25 ||    55
       Acid dragon scale |       |       |    33 ||    33
Dodge: Dodged            |    55 |    44 |   101 ||   200
       Repelled          |       |       |     3 ||     3
Block: Other             |       |       |    21 ||    21
